Workbook
Name FASE_1: #REF!
Name PRODUCTOS: #REF!

Sheet ESTUDIO DE MERCADO DF
E1: PLANTILLA ESTUDIO DE MERCADO | K1: CÓDIGO: | L1: GF-FO-047
K2: VERSIÓN: | L2: 1
K3: FECHA | L3: 45623
B4: Proceso: Gestión Financiera
B5: Documento de referencia: Instructivo Estructuración Financiera y Económica de los Porcesos Contractuales; Manual de Contratación
B8: OBJETO: | D8: Interventoría del mantenimiento, adecuación y mejoramiento de la infraestructura física de la sede Popayán, territorial cauca de la Escuela Superior de Administración Pública – ESAP, para garantizar condiciones de seguridad, funcionalidad y adecuado uso de las instalaciones.
B10: Esta sección se debe ajustar de acuerdo a la necesidad del proceso, es importante mantener la línea de colores y fuentes de esta plantilla.
M11: ANALISIS ECONÓMICO
F12: ENTIDAD 1 ANI | G12: ENTIDAD 2 INVIAS | H12: ENTIDAD 3 IDU | I12: ENTIDAD 4 ESAP | J12: MEDIDAS ESTADISTICAS | M12: A | N12: B | O12: C | P12: D | Q12: VALOR MES (A*B*C*D) | R12: MESES CONSULTORIA | S12: VALOR TOTAL ESTIMADO
B13: ITEM | C13: DESCRIPCIÓN-CONCEPTO-ACTIVIDAD | D13: UNIDAD DE MEDIDA | E13: CANTIDADES APROXIMADAS | F13: VALOR UNITARIO | G13: VALOR UNITARIO | H13: VALOR UNITARIO | I13: VALOR UNITARIO | J13: MEDIA ARMONICA VALOR UNITARIO | K13: MEDIA GEOMETRICA VALOR UNITARIO | L13: MEDIA ARITMETICA VALOR UNITARIO | M13: CANTIDAD | N13: VALOR MES | O13: FM* | P13: % DEDICACIÓN
B14: 1 | C14: RESIDENTE DE INTERVENTORIA - 30 MESES | D14: HONORARIOS/MES | E14: 1 | F14: 9192750 | G14: 9591750 | H14: 7700000 | I14: 8211000 | J14: =ROUND(HARMEAN(F14,G14,H14,I14),0) -> 8607785 | K14: =ROUND(GEOMEAN(F14,G14,H14,I14),0) -> 8640871 | L14: =ROUND(AVERAGE(F14,G14,H14,I14),0) -> 8673875 | M14: 1 | N14: =J14 -> 8607785 | O14: =FM!$C$35 -> 2.14 | P14: 1 | Q14: =M14*N14*O14*P14 -> 18420660 | R14: 2.5 | S14: =Q14*R14 -> 46051650
B15: 2 | C15: ESPECIALISTA HIDROSANITARIO- 30 MESES | D15: HONORARIOS/MES | E15: 1 | F15: 9192750 | G15: 9591750 | H15: 7700000 | I15: 8211000 | J15: =ROUND(HARMEAN(F15,G15,H15,I15),0) -> 8607785 | K15: =ROUND(GEOMEAN(F15,G15,H15,I15),0) -> 8640871 | L15: =ROUND(AVERAGE(F15,G15,H15,I15),0) -> 8673875 | M15: 0 | N15: =J15 -> 8607785 | O15: =FM!$C$35 -> 2.14 | P15: 1 | Q15: =M15*N15*O15*P15 -> 0 | R15: 2.5 | S15: =Q15*R15 -> 0
B16: 3 | C16: PROFESIONAL DE APOYO - 0 A 6 MESES | D16: HONORARIOS/MES | E16: 1 | F16: 5622750 | G16: 4961250 | H16: 4100000 | I16: 4738000 | J16: =ROUND(HARMEAN(F16,G16,H16,I16),0) -> 4794019 | K16: =ROUND(GEOMEAN(F16,G16,H16,I16),0) -> 4824804 | L16: =ROUND(AVERAGE(F16,G16,H16,I16),0) -> 4855500 | M16: 1 | N16: =J16 -> 4794019 | O16: =FM!$C$35 -> 2.14 | P16: 1 | Q16: =M16*N16*O16*P16 -> 10259201 | R16: 2.5 | S16: =Q16*R16 -> 25648002
B17: 4 | C17: ESPECIALISTA EN DOMOTICA - 30 MESES | D17: HONORARIOS/MES | E17: 1 | F17: 9192750 | G17: 9591750 | H17: 7700000 | I17: 8211000 | J17: =ROUND(HARMEAN(F17,G17,H17,I17),0) -> 8607785 | K17: =ROUND(GEOMEAN(F17,G17,H17,I17),0) -> 8640871 | L17: =ROUND(AVERAGE(F17,G17,H17,I17),0) -> 8673875 | M17: 0 | N17: =J17 -> 8607785 | O17: =FM!$C$35 -> 2.14 | P17: 1 | Q17: =M17*N17*O17*P17 -> 0 | R17: 2.5 | S17: =Q17*R17 -> 0
B18: 5 | C18: ESPECIALISTA ELECTRICO - 30 MESES | D18: HONORARIOS/MES | E18: 1 | F18: 9192750 | G18: 9591750 | H18: 7700000 | I18: 8211000 | J18: =ROUND(HARMEAN(F18,G18,H18,I18),0) -> 8607785 | K18: =ROUND(GEOMEAN(F18,G18,H18,I18),0) -> 8640871 | L18: =ROUND(AVERAGE(F18,G18,H18,I18),0) -> 8673875 | M18: 0 | N18: =J18 -> 8607785 | O18: =FM!$C$35 -> 2.14 | P18: 1 | Q18: =M18*N18*O18*P18 -> 0 | R18: 2.5 | S18: =Q18*R18 -> 0
B19: 6 | C19: ESPECIALISTA FOTOVOLTAICO (ENERGIA SOLAR) - 30 MESES | D19: HONORARIOS/MES | E19: 1 | F19: 9192750 | G19: 9591750 | H19: 7700000 | I19: 8211000 | J19: =ROUND(HARMEAN(F19,G19,H19,I19),0) -> 8607785 | K19: =ROUND(GEOMEAN(F19,G19,H19,I19),0) -> 8640871 | L19: =ROUND(AVERAGE(F19,G19,H19,I19),0) -> 8673875 | M19: 0 | N19: =J19 -> 8607785 | O19: =FM!$C$35 -> 2.14 | P19: 1 | Q19: =M19*N19*O19*P19 -> 0 | R19: 2.5 | S19: =Q19*R19 -> 0
B20: 7 | C20: ING ESPECIALISTA EN REDES CONTRA INCENDIO - 30 MESES | D20: HONORARIOS/MES | E20: 1 | F20: 9192750 | G20: 9591750 | H20: 7700000 | I20: 8211000 | J20: =ROUND(HARMEAN(F20,G20,H20,I20),0) -> 8607785 | K20: =ROUND(GEOMEAN(F20,G20,H20,I20),0) -> 8640871 | L20: =ROUND(AVERAGE(F20,G20,H20,I20),0) -> 8673875 | M20: 0 | N20: =J20 -> 8607785 | O20: =FM!$C$35 -> 2.14 | P20: 1 | Q20: =M20*N20*O20*P20 -> 0 | R20: 2.5 | S20: =Q20*R20 -> 0
B21: 8 | C21: INGENIERO O ARQUITECTO PROGRAMACION Y PRESUPUESTO - 0 A 6 MESES | D21: HONORARIOS/MES | E21: 1 | F21: 5622750 | G21: 4961250 | H21: 4100000 | I21: 4738000 | J21: =ROUND(HARMEAN(F21,G21,H21,I21),0) -> 4794019 | K21: =ROUND(GEOMEAN(F21,G21,H21,I21),0) -> 4824804 | L21: =ROUND(AVERAGE(F21,G21,H21,I21),0) -> 4855500 | M21: 0 | N21: =J21 -> 4794019 | O21: =FM!$C$35 -> 2.14 | P21: 1 | Q21: =M21*N21*O21*P21 -> 0 | R21: 2.5 | S21: =Q21*R21 -> 0
B22: 9 | C22: TECNICO ELECTRICO - 12 MESES * | D22: HONORARIOS/MES | E22: 1 | F22: 3998400 | G22: 3087000 | H22: 3142000 | I22: 3104000 | J22: =ROUND(HARMEAN(F22,G22,H22,I22),0) -> 3293610 | K22: =ROUND(GEOMEAN(F22,G22,H22,I22),0) -> 3312361 | L22: =ROUND(AVERAGE(F22,G22,H22,I22),0) -> 3332850 | M22: 3 | N22: =J22 -> 3293610 | O22: =FM!$C$35 -> 2.14 | P22: 1 | Q22: =M22*N22*O22*P22 -> 21144976 | R22: 2.5 | S22: =Q22*R22 -> 52862441
B23: 10 | C23: ARQUITECTO DISEÑADOR - 24 MESES | D23: HONORARIOS/MES | E23: 1 | F23: 7231630 | G23: 6284250 | H23: 5000000 | I23: 5329000 | J23: =ROUND(HARMEAN(F23,G23,H23,I23),0) -> 5838889 | K23: =ROUND(GEOMEAN(F23,G23,H23,I23),0) -> 5898972 | L23: =ROUND(AVERAGE(F23,G23,H23,I23),0) -> 5961220 | M23: 0 | N23: =J23 -> 5838889 | O23: =FM!$C$35 -> 2.14 | P23: 1 | Q23: =M23*N23*O23*P23 -> 0 | R23: 2.5 | S23: =Q23*R23 -> 0
B24: 11 | C24: COORDINADOR DE ESTUDIOS Y DISEÑOS - 30 MESES | D24: HONORARIOS/MES | E24: 1 | F24: 9192750 | G24: 9591750 | H24: 7700000 | I24: 8211000 | J24: =ROUND(HARMEAN(F24,G24,H24,I24),0) -> 8607785 | K24: =ROUND(GEOMEAN(F24,G24,H24,I24),0) -> 8640871 | L24: =ROUND(AVERAGE(F24,G24,H24,I24),0) -> 8673875 | M24: 0 | N24: =J24 -> 8607785 | O24: =FM!$C$35 -> 2.14 | P24: 1 | Q24: =M24*N24*O24*P24 -> 0 | R24: 2.5 | S24: =Q24*R24 -> 0
B25: 12 | C25: ESPECIALISTA EN ESTRUCTURAS - 30 MESES | D25: HONORARIOS/MES | E25: 1 | F25: 9192750 | G25: 9591750 | H25: 7700000 | I25: 8211000 | J25: =ROUND(HARMEAN(F25,G25,H25,I25),0) -> 8607785 | K25: =ROUND(GEOMEAN(F25,G25,H25,I25),0) -> 8640871 | L25: =ROUND(AVERAGE(F25,G25,H25,I25),0) -> 8673875 | M25: 0 | N25: =J25 -> 8607785 | O25: =FM!$C$35 -> 2.14 | P25: 1 | Q25: =M25*N25*O25*P25 -> 0 | R25: 2.5 | S25: =Q25*R25 -> 0
... B27: 14 | C27: DIRECTOR DE INTERVENTORIA - 36 MESES | D27: HONORARIOS/MES | E27: 1 | F27: 11153870 | G27: 10473750 | H27: 7700000 | I27: 9031000 | J27: =ROUND(HARMEAN(F27,G27,H27,I27),0) -> 9395591 | K27: =ROUND(GEOMEAN(F27,G27,H27,I27),0) -> 9493767 | L27: =ROUND(AVERAGE(F27,G27,H27,I27),0) -> 9589655 | M27: 1 | N27: =J27 -> 9395591 | O27: =FM!$C$35 -> 2.14 | P27: 0.25 | Q27: =M27*N27*O27*P27 -> 5026641.2 | R27: 2.5 | S27: =Q27*R27 -> 12566603
F28: =SUM(F14:F27) -> 116364150 | G28: =SUM(G14:G27) -> 116093250 | H28: =SUM(H14:H27) -> 93342000 | I28: =SUM(I14:I27) -> 100839000 | J28: =SUM(J14:J27) -> 105586193 | K28: =SUM(K14:K27) -> 106122547 | L28: =SUM(L14:L27) -> 106659600 | S28: =S14+S16+S22+S27 -> 1.3712869e+08
B29: *EL factor multiplicador comprende los salarios y prestaciones del personal facturable, costos indirectos y costos directos no reembonsables | Q29: VALOR IVA | R29: 0.19 | S29: =S28*R29 -> 26054452
B30: *Este valor se toma con el valor de tecnico electrico por tener los mismos honorarios de tecnico hidraulico, tecnico electrico y tecnico electricista del cuadro de requerimientos de este libro | Q30: VALOR TOTAL + IVA | S30: =ROUND(S28+S29,0) -> 163183147
B35: Observaciones: (Las notas u observaciones incluidas en la plantilla pueden ser modificadas de acuerdo a la necesidad del proceso) 1. Fuente de información: El presente estudio de mercado se elaboró con base en el requerimiento técnico del área solicitante y en la consulta de referencias salariales utilizadas por entidades públicas que adelantan procesos de consultoría e interventoría de características similares. 2. Tablas de honorarios de referencia: Para la estimación de los honorarios se consultaron las tablas vigentes de la ANI, INVIAS, IDU y ESAP. La información utilizada para el análisis se encuentra consolidada en la hoja “TABLAS DE HONORARIOS” del presente archivo. 3. Factor multiplicador: La estimación de costos incorpora la aplicación del factor multiplicador, el cual incluye salarios, prestaciones sociales del personal facturable, costos indirectos, gastos administrativos y demás costos directos no reembolsables asociados a la ejecución de la interventoría. Su cálculo se encuentra detallado en la hoja “FM”. 4. Análisis económico: El análisis de precios se realizó tomando como referencia los perfiles, dedicaciones y requisitos del personal establecidos en la hoja “REQUERIMIENTOS – AT”, garantizando la correspondencia entre las necesidades técnicas del proyecto y los valores de mercado identificados. 5. Valoración de perfiles técnicos: Para los cargos técnicos requeridos se adoptó el valor correspondiente al perfil de Técnico Eléctrico, considerando que los perfiles de Técnico Hidráulico, Técnico Eléctrico y Técnico Electricista presentan el mismo nivel de honorarios dentro de la estructura de requerimientos definida en la hoja “REQUERIMIENTOS – AT”.
B36: Presupuesto oficial estimado: Como resultado del análisis de mercado, la aplicación de las tablas de honorarios de referencia y la incorporación del factor multiplicador e impuestos correspondientes, se determinó un presupuesto oficial estimado de CIENTO SESENTA Y TRES MILLONES CIENTO OCHENTA Y TRES MIL CIENTO CUARENTA Y SIETE PESOS (163.183.147,00) . Este valor corresponde al costo proyectado para la ejecución integral de la interventoría objeto del presente estudio.
B38: FECHA DE ELABORACIÓN | D38: 46286
B39: ELABORADO POR | D39: ANGELICA MARIA ESCOBAR VIVAS - CONTRATISTA - DIRECCIÓN FINANCIERA
B40: REVISADO POR | D40: CESAR EDUARDO TINJACA GUAYACAN - CONTRATISTA - DIRECCIÓN FINANCIERA

Sheet FM
B2: CALCULO DEL FACTOR MULTIPLICADOR
A4: 1 | B4: SALARIO MENSUAL BASICO | C4: 1
A5: 2 | B5: PRESTACIONES SOCIALES
A6: 2.1 | B6: Prima | C6: 0.0833
A7: 2.2 | B7: Cesantía | C7: 0.0833
A8: 2.3 | B8: Intereses de cesantías | C8: 0.01
A9: 2.4 | B9: Salud | C9: 0.125
A10: 2.5 | B10: Pensión | C10: 0.16
A11: 2.6 | B11: SENA | C11: 0.02
A12: 2.7 | B12: ICBF | C12: 0.03
A13: 2.8 | B13: Subsidio Familiar | C13: 0.04
A14: 2.9 | B14: Vacaciones | C14: 0.0417
A15: 2.10 | B15: ARL | C15: 0.0696
A16: 2.11 | B16: Dotación | C16: 0.005
B17: SUBTOTAL 2 - PRESTACIONES SOCIALES | C17: =ROUND((SUM(C6:C16)),3) -> 0.668
A18: 3 | B18: COSTOS INDIRECTOS
B19: GASTOS DE ADMINISTRACION
A20: 3.1 | B20: Gastos bancarios, financieros, mensajería, costos de la propuesta | C20: 0.05
A21: 3.2 | B21: Arriendos oficinas | C21: 0.03
A22: 3.3 | B22: Servicios públicos | C22: 0.02
A23: 3.4 | B23: Mantenimiento y operación de oficinas | C23: 0.02
A24: 3.5 | B24: Utiles, papeleria, plotter, planos e impresiones | C24: 0.02
A25: 3.6 | B25: Gastos de transporte (Terrestre, Aereo) y vehículos | C25: 0.08
A26: 3.7 | B26: viaticos | C26: 0.08
B27: Otros gastos no reembolsables
A28: 3.12 | B28: Seguros/Garantias | C28: 0.03
A29: 3.6 | B29: impuestos | C29: 0.03
A30: 3.13 | B30: Asesoría legal permanente (responsabilidad civil, penal, laboral, etc.) | C30: 0.01
B31: SUBTOTAL 3 - COSTOS INDIRECTOS | C31: =ROUND((SUM(C19:C30)),3) -> 0.37
A32: 4 | B32: CARGO POR HONORARIOS | C32: 0.1
B33: SUBTOTAL 4 - HONORARIOS | C33: 0.1
A35: 5 | B35: FACTOR MULTIPLICADOR = ( 1 + 2 + 3 + 4 ) / 100 | C35: =ROUND((C4+C17+C31+C33),2) -> 2.14
B37: Proponente:
B38: Firma representante legal:
B40: Fuente: formato de Cálculo de factor multiplicador, Agencia Nacional de Infraestructura

Sheet REQUERIMIENTO - AT
B1: PROYECCIÓN DE COSTOS PARA INTERVENTORIA
B3: SEDE | D3: SEDES NACIONAL
B5: OBJETO DE LA INTERVENTORIA: | D5: REALIZAR LA INTERVENTORIA DEL MANTENIMIENTO, ADECUACIÓN Y MEJORAMIENTO DE LA INFRAESTRUCTURA FÍSICA DE LA SEDE POPAYÁN, TERRITORIAL CAUCA DE LA ESCUELA SUPERIOR DE ADMINISTRACIÓN PÚBLICA – ESAP, PARA GARANTIZAR CONDICIONES DE SEGURIDAD, FUNCIONALIDAD Y ADECUADO USO DE LAS INSTALACIONES
B7: 1. COSTOS DE PERSONAL ADMINISTRATIVO INTERVENTORIA
B8: ITEM | C8: DESCRIPCION DEL CARGO | D8: A | E8: B | F8: C | G8: D | H8: E | I8: F | J8: VALOR PARCIAL (E*F)
D9: CANTIDAD | E9: VALOR MES | F9: FM* | G9: % DEDICACIÓN | H9: VALOR MES (A*B*C*D) | I9: MESES CONSULTORIA
B10: 1.1 | C10: PERSONAL PROFESIONAL DE APOYO Y ADMINISTRATIVO Nota: verificar el anexo técnico del proceso que relaciona detalladamente el perfil del personal: formación y experiencias general y especifica requeridas para el personal mínimo solicitado para el presente proceso.
B11: 1,1,1 | C11: Director de Interventoría - Arquitecto o ingeniero con posgrado en gerencia de proyectos - 3 años de experiencia | D11: 1 | E11: 9395591 | F11: =[1]FM!C35 -> 2.14 | G11: 0.25 | H11: =+D11*E11*F11*G11 -> 5026641.2 | I11: 2.5 | J11: =H11*I11 -> 12566603
B12: 1,1,2 | C12: Residente de Interventoria . Ingeniero civil o arquitecto - 30 MESES | D12: 1 | E12: 8607785 | F12: =[1]FM!C35 -> 2.14 | G12: 1 | H12: =+D12*E12*F12*G12 -> 18420660 | I12: 2.5 | J12: =H12*I12 -> 46051650
B13: 1,1,3 | C13: Maestro de Obra - Tecnico Electrico - 12 MESES | D13: 1 | E13: 3293610 | F13: =[1]FM!C35 -> 2.14 | G13: 1 | H13: =+D13*E13*F13*G13 -> 7048325.4 | I13: 2.5 | J13: =H13*I13 -> 17620814
B14: 1,1,4 | C14: Profesional SSL - Profesional de apoyo - 0 A 6 MESES | D14: 1 | E14: 4794019 | F14: =[1]FM!C35 -> 2.14 | G14: 1 | H14: =+D14*E14*F14*G14 -> 10259201 | I14: 2.5 | J14: =H14*I14 -> 25648002
B15: 1,1,5 | C15: Tecnico Electrisista - 12 MESES | D15: 1 | E15: 3293610 | F15: =[1]FM!C35 -> 2.14 | G15: 1 | H15: =+D15*E15*F15*G15 -> 7048325.4 | I15: 2.5 | J15: =H15*I15 -> 17620814
B16: 1,1,6 | C16: Tecnico Hidraulico - Sanitario 12 MESES | D16: 1 | E16: 3293610 | F16: =[1]FM!C35 -> 2.14 | G16: 1 | H16: =+D16*E16*F16*G16 -> 7048325.4 | I16: 2.5 | J16: =H16*I16 -> 17620814
B17: SUBTOTAL | J17: =SUM(J11:J16) -> 1.3712869e+08
B18: 4. IVA | I18: 0.19 | J18: =J17*19% -> 26054452
B20: VALOR TOTAL DE LA INTERVENTORIA | J20: =ROUND(SUM(J17,J18),0) -> 163183147
B21: EQUIVALENCIA EN SMMLV | J21: =J20/1750905 -> 93.199315
B23: *EL factor multiplicador comprende los salarios y prestaciones del personal facturable, costos indirectos y costos directos no reembonsables

Sheet TABLAS DE HONORARIOS 
F4: TABLA DE HONORARIOS ANI - Aprobado mediante Acta N° 38 del 5 de Septiembre de 2025 | N4: TABLA DE HONORARIOS CONTRATOS DE PRESTACIÓN DE SERVICIOS PROFESIONALES Y DE APOYO A LA GESTIÓN INSTITUTO NACIONAL DE VIAS - Resolución Número 5587 de 24 de diciembre de 2025 | X4: TABLA DE HONORARIOS PARA PRESTACION DE SERVICIOS IDU 2994 - RESOLUCION DE 2024
F44: PERFIL | G44: ANI | H44: INVIAS | I44: IDU | J44: ESAP | K44: PROMEDIO | L44: MEDIA ARMO
F46: RESIDENTE DE INTERVENTORIA - 30 MESES | G46: 9192750 | H46: 9591750 | I46: 7700000 | J46: 8211000 | K46: =AVERAGE(G46:J46) -> 8673875 | L46: =HARMEAN(G46:J46) -> 8607785.1
F47: ESPECIALISTA HIDROSANITARIO- 30 MESES | G47: 9192750 | H47: 9591750 | I47: 7700000 | J47: 8211000 | K47: =AVERAGE(G47:J47) -> 8673875 | L47: =HARMEAN(G47:J47) -> 8607785.1
F48: PROFESIONAL DE APOYO - 0 A 6 MESES | G48: 5622750 | H48: 4961250 | I48: 4100000 | J48: 4738000 | K48: =AVERAGE(G48:J48) -> 4855500 | L48: =HARMEAN(G48:J48) -> 4794019.1
F49: ESPECIALISTA EN DOMOTICA - 30 MESES | G49: 9192750 | H49: 9591750 | I49: 7700000 | J49: 8211000 | K49: =AVERAGE(G49:J49) -> 8673875 | L49: =HARMEAN(G49:J49) -> 8607785.1
F50: ESPECIALISTA ELECTRICO - 30 MESES | G50: 9192750 | H50: 9591750 | I50: 7700000 | J50: 8211000 | K50: =AVERAGE(G50:J50) -> 8673875 | L50: =HARMEAN(G50:J50) -> 8607785.1
F51: ESPECIALISTA FOTOVOLTAICO (ENERGIA SOLAR) - 30 MESES | G51: 9192750 | H51: 9591750 | I51: 7700000 | J51: 8211000 | K51: =AVERAGE(G51:J51) -> 8673875 | L51: =HARMEAN(G51:J51) -> 8607785.1
F52: ING ESPECIALISTA EN REDES CONTRA INCENDIO - 30 MESES | G52: 9192750 | H52: 9591750 | I52: 7700000 | J52: 8211000 | K52: =AVERAGE(G52:J52) -> 8673875 | L52: =HARMEAN(G52:J52) -> 8607785.1
F53: INGENIERO O ARQUITECTO PROGRAMACION Y PRESUPUESTO - 0 A 6 MESES | G53: 5622750 | H53: 4961250 | I53: 4100000 | J53: 4738000 | K53: =AVERAGE(G53:J53) -> 4855500 | L53: =HARMEAN(G53:J53) -> 4794019.1
F54: TECNICO ELECTRICO - 12 MESES | G54: 3998400 | H54: 3087000 | I54: 3142000 | J54: 3104000 | K54: =AVERAGE(G54:J54) -> 3332850 | L54: =HARMEAN(G54:J54) -> 3293610.5
F55: ARQUITECTO DISEÑADOR - 24 MESES | G55: 7231630 | H55: 6284250 | I55: 5000000 | J55: 5329000 | K55: =AVERAGE(G55:J55) -> 5961220 | L55: =HARMEAN(G55:J55) -> 5838888.8
F56: COORDINADOR DE ESTUDIOS Y DISEÑOS - 30 MESES | G56: 9192750 | H56: 9591750 | I56: 7700000 | J56: 8211000 | K56: =AVERAGE(G56:J56) -> 8673875 | L56: =HARMEAN(G56:J56) -> 8607785.1
F57: ESPECIALISTA EN ESTRUCTURAS - 30 MESES | G57: 9192750 | H57: 9591750 | I57: 7700000 | J57: 8211000 | K57: =AVERAGE(G57:J57) -> 8673875 | L57: =HARMEAN(G57:J57) -> 8607785.1
... F59: DIRECTOR DE INTERVENTORIA - 36 MESES | G59: 11153870 | H59: 10473750 | I59: 7700000 | J59: 9031000 | K59: =AVERAGE(G59:J59) -> 9589655 | L59: =HARMEAN(G59:J59) -> 9395590.9
K60: =SUM(K46:K59) -> 106659600 | L60: =SUM(L46:L59) -> 1.0558619e+08

Sheet CHECK
C2: REVISION
B3: FALSE | C3: NOMBRE DEL CUADRO
B4: FALSE | C4: OBJETO
B5: FALSE | C5: Unidad de Medida
B6: FALSE | C6: Cantidades
B7: FALSE | C7: Valor Unitario Incluido Iva
B8: FALSE | C8: Valor Total Incluido Iva
B9: FALSE | C9: Rangos Inferiores
B10: FALSE | C10: Rangos Superiores
B11: FALSE | C11: Media Armonica
B12: FALSE | C12: Media Armonica total
B13: FALSE | C13: Media Geométrica
B14: FALSE | C14: Media Geométrica total
... B19: FALSE | C19: Valor en letras presupuesto oficial
C21: ITEM | D21: DESCRIPCIÓN | E21: REVISIÓN
C22: 1 | D22: NOMBRE DEL CUADRO: ESTUDIO DE MERCADO | E22: FALSE
C23: 2 | D23: OBJETO: Correspondiente al proceso | E23: FALSE
C24: 3 | D24: Unidad de Medida: De acuerdo al anexo técnico correspondiente al proceso | E24: FALSE
C25: 4 | D25: Cantidades: Correspondiente al proceso | E25: FALSE
C26: 5 | D26: Valor Unitario Incluido Iva: Vr Incluido Iva | E26: FALSE
C27: 6 | D27: Valor Total Incluido Iva: Vr Unitario Incluido Iva * Cantidades | E27: FALSE
C28: 1 | D28: Rangos Inferiores: =ROUND(MEDIAN(X;Y;Z)-STDEVA(X;Y;Z);0) | E28: FALSE
C29: 2 | D29: Rangos Superiores: =ROUND(MEDIAN(X;Y;Z)+STDEVA(X;Y;Z);0) | E29: FALSE
C30: 3 | D30: Media Armonica: Con la formula para Media Armonica, tomar los valores que se encuentran por dentro del rango inferior y superior | E30: FALSE
C31: 4 | D31: Media Armonica total: Media Armonica unitaria * Cantidades | E31: FALSE
C32: 5 | D32: Media Geométrica: Con la formula para Media Geométrica, tomar los valores que se encuentran por dentro del rango inferior y superior | E32: FALSE
C33: 6 | D33: Media Geométrica total: Media Geométrica unitaria * Cantidades | E33: FALSE
... C38: 3 | D38: Valor en letras presupuesto oficial: El valor en letras debe ser igual al valor total de la media acogida como valor del presupuesto oficial | E38: FALSE
C41: Elaboró
D42: Nombre - Cargo - Dirección Financiera
C43: Revisó
D44: Nombre - Cargo - Dirección Financiera
C45: Aprobó
D46: Nombre - Cargo - Dirección Financiera
